Map: Dusk Towers

Players

blackxored

  • Race: Zerg Zerg
  • League: Diamond

Vindicator - Winner!

  • Race: Zerg Zerg
  • League: Platinum

VOD

Have the link to the VOD?

Description

Time

  • Played on: July 2, 2016, 1:41 a.m.
  • Length: 12:10
Show
View Real Time Build Order
Export as new Build Order

blackxored Zerg 

Build Orders: Pool First, Zergling Baneling 

Get SALT Encoding   

  12  0:01  Drone  
  13  0:10  Drone  
  14  0:15  Extractor  
  14  0:16  Drone  
  14  0:32  Spawning Pool  
  14  0:35  Drone  
  14  0:44  Overlord  
  14  0:49  Extractor  
  13  0:52  Drone  
  15  1:03  Drone  
  15  1:04  Drone  
  17  1:10  Drone  
  18  1:19  Queen  
  20  1:26  Overlord  
  20  1:31  Drone  
  21  1:39  Metabolic Boost  
  21  1:46  Baneling Nest  
  20  1:51  Zergling x4  
  22  2:02  Zergling x2  
  23  2:12  Drone  
  24  2:25  Zergling x2  
  24  2:29  Zergling x6  
  28  2:37  Hatchery  
  28  2:40  Zergling x2  
  28  2:48  Zergling x2  
  29  2:58  Zergling x2  
  30  3:00  Overlord  
  30  3:03  Extractor  
  30  3:04  Zergling x2  
  31  3:18  Baneling  
  31  3:19  Baneling x3  
  31  3:20  Baneling x2  
  31  3:21  Baneling  
  31  3:24  Baneling  
  31  3:42  Baneling  
  29  3:58  Baneling  
  23  4:11  Zergling x16  
  29  4:23  Zergling x4  
  31  4:25  Queen  
  31  4:26  Queen  
  31  4:30  Drone  
  36  4:35  Drone x2  
  38  4:43  Overlord  
  38  5:04  Baneling x2  
  38  5:05  Baneling  
  38  5:18  Zergling x2  
  38  5:19  Zergling x10  
  32  5:23  Baneling  
  31  5:39  Zergling x4  
  31  5:45  Zergling x4  
  33  5:54  Baneling x4  
  33  5:59  Zergling x2  
  33  6:00  Zergling x2  
  35  6:04  Zergling x4  
  35  6:08  Baneling  
  33  6:37  Baneling x2  
  33  6:40  Zergling x16  
  40  7:00  Zergling x12  
  39  7:19  Zergling x16  
  39  7:21  Baneling x2  
  45  7:34  Zergling x4  
  42  7:52  Zergling x4  
  42  7:53  Zergling x4  
  42  7:55  Baneling x4  
  35  8:58  Zergling x12  
  30  9:12  Zergling x4  
  31  9:21  Zergling x4  
  33  9:31  Zergling x4  
  35  9:39  Hatchery  
  35  9:44  Hatchery  
  34  9:45  Zergling x4  
  34  9:46  Zergling x8  
  34  9:49  Spore Crawler  
  34  9:52  Evolution Chamber  
  37  9:57  Spore Crawler  
  36  10:14  Overlord  
  36  10:15  Overlord  
  36  10:16  Overlord x2  
  36  10:27  Overlord x2  
  36  10:36  Zergling x4  
  36  10:37  Zergling x2  
  36  10:55  Zergling x2  
  36  10:56  Zergling x4  
  33  11:02  Zergling x2  
  33  11:03  Zergling x2  
  35  11:12  Zergling x4  
  37  11:18  Zergling x2  
  38  11:26  Zergling x2  
  38  11:32  Zergling x2  
  39  11:43  Zergling x4  
Show
View Real Time Build Order
Export as new Build Order

Vindicator Zerg - Winner!

Build Orders: Pool First, Zergling Baneling 

Get SALT Encoding   

  12  0:01  Drone  
  13  0:12  Overlord  
  13  0:17  Drone  
  14  0:31  Drone x2  
  14  0:34  Drone  
  17  0:45  Drone  
  18  0:52  Spawning Pool  
  18  0:54  Extractor  
  18  0:56  Drone  
  17  1:06  Drone  
  18  1:20  Hatchery  
  17  1:32  Drone  
  18  1:33  Drone  
  18  1:38  Queen  
  21  1:42  Overlord  
  21  1:50  Drone  
  22  2:00  Zergling x2  
  23  2:06  Metabolic Boost  
  23  2:13  Zergling x2  
  24  2:25  Zergling x2  
  25  2:33  Baneling Nest, Zergling x4  
  25  2:34  Queen  
  28  2:44  Zergling x4  
  30  2:52  Zergling x2  
  30  2:53  Zergling x4  
  30  2:54  Overlord  
  33  2:59  Zergling x2  
  33  3:05  Zergling x2  
  35  3:08  Zergling x2  
  36  3:18  Zergling x2  
  37  3:20  Zergling x6  
  40  3:27  Zergling x2  
  41  3:35  Baneling x2  
  41  3:36  Baneling x5  
  41  3:37  Zergling x4  
  31  4:11  Zergling x2  
  31  4:12  Zergling x12  
  33  4:22  Drone  
  34  4:29  Drone  
  34  4:30  Drone  
  36  4:38  Lair  
  36  4:41  Extractor  
  36  4:42  Baneling x2  
  36  4:43  Baneling  
  36  4:44  Zergling x6  
  38  4:50  Drone x2  
  38  4:51  Zergling x2, Drone  
  42  5:01  Zergling x2  
  42  5:02  Zergling x2  
  42  5:03  Roach Warren  
  43  5:21  Zergling x8  
  42  5:39  Zergling x12  
  42  5:40  Zergling x4  
  44  5:50  Spire  
  44  5:55  Drone  
  44  5:56  Extractor  
  43  5:57  Zergling x2  
  43  5:58  Baneling  
  43  6:01  Baneling  
  44  6:12  Baneling  
  44  6:13  Baneling  
  44  6:16  Overlord x2  
  34  6:27  Baneling x3  
  34  6:30  Drone x2  
  34  6:31  Drone x2  
  37  6:38  Drone x2  
  38  6:40  Drone  
  38  6:43  Drone  
  40  6:49  Extractor, Drone  
  38  7:01  Zergling x4  
  38  7:02  Zergling x4  
  38  7:08  Zergling x4  
  40  7:31  Baneling x2  
  40  7:32  Baneling x2  
  40  7:34  Zergling x8  
  43  7:54  Mutalisk x5  
  53  7:59  Zergling x4  
  55  8:09  Baneling  
  55  8:10  Baneling x2  
  55  8:15  Zergling x6  
  55  8:19  Drone x2  
  49  8:56  Zergling x8, Mutalisk x2  
  49  8:57  Mutalisk  
  58  9:10  Drone x2  
  60  9:19  Overlord  
  60  9:20  Overlord x2  
  60  9:33  Hatchery  
  59  9:40  Zerg Flyer Weapons Level 1  
  59  9:45  Overseer  
  59  9:51  Hydralisk Den  
  58  10:05  Drone x7  
  58  10:06  Drone x3  
  68  10:14  Centrifical Hooks  
  68  10:28  Zergling x4  
  68  10:29  Zergling x8  
  68  10:31  Baneling x3  
  68  10:32  Baneling  
  68  10:34  Baneling x2  
  68  10:35  Baneling  
  74  10:45  Queen  
  74  10:48  Zergling x6  
  77  11:00  Drone x4  
  77  11:01  Drone x2  
  83  11:21  Baneling x3  
  83  11:41  Extractor  
  83  11:42  Extractor  
  80  11:49  Zergling x14  
  80  11:50  Zergling x6  
Tags
 
Add a new tag
Caveats
  • Supply blocks, unpowered buildings, or Contaminate may cause inaccurate times.
  • Supply counts are checked every 10 seconds.